 Dungeon Crawl Stone Soup version 0.28-b1-25-g9875b3fc8c (webtiles) character file.

Game seed: 9735584368411214943

106 crazypyro the Covered (level 4, -3/41 HPs)
             Began as a Minotaur Fighter on Feb 2, 2022.
             Succumbed to an orc wizard's poison
             ... on level 3 of the Dungeon.
             The game lasted 00:01:47 (2192 turns).

crazypyro the Covered (Minotaur Fighter)            Turns: 2192, Time: 00:01:48

Health: -3/41      AC:  7    Str: 23    XL:     4   Next: 55%
Magic:  3/3        EV:  9    Int:  5    God:
Gold:   104        SH:  4    Dex:  9    Spells: 3/3 levels left

rFire   . . .      SeeInvis .   a - +0 flail
rCold   . . .      Faith    .   c - +0 buckler
rNeg    . . .      Spirit   .   b - +0 scale mail
rPois   .          Reflect  .   (helmet restricted)
rElec   .          Harm     .   (no cloak)
rCorr   .          Rampage  .   (no gloves)
Will    .....                   (no boots)
Stlth   ..........              (no amulet)
HPRegen 0.13/turn               (no ring)
MPRegen 0.08/turn               (no ring)

@: brilliant, lethally poisoned (-3 -> -30), flying
A: horns 2, retaliatory headbutt
a: no special abilities


You were on level 3 of the Dungeon.
You visited 1 branch of the dungeon, and saw 3 of its levels.

You collected 104 gold pieces.

Inventory:

Hand Weapons
 a - a +0 flail (weapon)
Armour
 b - a +0 scale mail (worn)
 c - a +0 buckler (worn)
Wands
 h - a wand of paralysis (6)
Scrolls
 f - 3 scrolls of teleportation {unknown}
 g - a scroll of magic mapping {unknown}
 j - 2 scrolls of silence {unknown}
 l - a scroll of immolation {unknown}
 m - a scroll of holy word {unknown}
 o - a scroll of identify {unknown}
Potions
 d - a potion of might
 k - a potion of curing {unknown}
 n - a potion of cancellation {unknown}


   Skills:
 + Level 4.4 Fighting
 + Level 3.5 Maces & Flails
 + Level 4.5 Armour
 + Level 0.4 Dodging
 + Level 4.4 Shields


You had 3 spell levels left.
You didn't know any spells.
Your spell library contained the following spells:

 Spells                   Type           Power      Damage    Failure   Level
 Slow                     Hex            0%         N/A       86%         1
 Confusing Touch          Hex            0%         N/A       99%         3
 Vampiric Draining        Necr           0%         2d6       99%         3


Dungeon Overview and Level Annotations

Branches:
Dungeon (3/15)

Altars:


Innate Abilities, Weirdness & Mutations

You have a pair of horns on your head.
You reflexively headbutt those who attack you in melee.


Message History

You sock the orc!
You kill the orc!
You hear some strange, mumbled words.
Something tries to affect you, but you resist.
Things that are here:
a +0 club; a +0 leather armour You closely miss something.
Something hits you.
You barely miss something. Something hits you.
You are poisoned.
You barely miss something.
You feel sick. Something hits you but does no damage.
You are more poisoned.
Something hits you.
You are more poisoned.
You hit something but do no damage. You headbutt something!
You feel extremely sick. Something hits you but does no damage.
You miss something. Your headbutt misses something.
You feel very sick. Something hits you but does no damage.
You miss something.
You feel very sick. Something hits you but does no damage.
You are more poisoned.
You miss something.
You feel very sick. Something hits you.
* * * LOW HITPOINT WARNING * * *
You are more poisoned.
Something hits you but does no damage.
You are more poisoned.
It was a potion of flight.
You feel very buoyant.
You fly up into the air.
* * * LOW HITPOINT WARNING * * *
You feel extremely sick. Something hits you but does no damage.
It was a potion of brilliance.
You feel clever all of a sudden.
You die...

.................?..
.......<.#.####.....
.........#.# ..
.........#.#
......(..#.#
.........#.#
.........#o#
.........#{#
###.######@## #..))#
#......# #......#
..........
#.#.....####
#.#...... # ###.#.##
....#


You could see an orc.

Vanquished Creatures
  Jessica (D:3)
  Ijyb (D:2)
  An orc (D:3)
  A bat (D:2)
  2 endoplasms (D:1)
  2 giant cockroaches (D:1)
  11 goblins
  8 hobgoblins
  3 jackals (D:2)
  3 quokkas (D:1)
  3 ball pythons
  4 frilled lizards
  3 kobolds
  5 rats
48 creatures vanquished.

Notes
Turn   | Place    | Note
-------+----------+-------------------------------------------
     0 | D:1      | crazypyro the Minotaur Fighter began the quest for the Orb.
     0 | D:1      | Reached XP level 1. HP: 19/19 MP: 0/0
   226 | D:1      | Reached XP level 2. HP: 27/27 MP: 1/1
   322 | D:1      | Found a faded altar of an unknown god.
  1134 | D:2      | Reached XP level 3. HP: 33/33 MP: 2/2
  1145 | D:2      | Noticed Ijyb
  1167 | D:2      | Paralysed by Ijyb for 7 turns
  1174 | D:2      | Killed Ijyb
  1189 | D:2      | Reached XP level 4. HP: 4/40 MP: 3/3
  2176 | D:3      | Noticed Jessica
  2180 | D:3      | Killed Jessica
  2192 | D:3      | Succumbed to an orc wizard's poison

Illustrated notes

Levels and vault maps discovered:
D:1:      psy_arrival_heroes, layout_basic, shapermc_ecumenical_altar_pompeii
D:2:      kennysheep_the_goblin_king, layout_basic
D:3:      layout_basic, gup_sewer_entry_glass, chequers_serial_rivers_micro_d,
          uniq_sigmund, uniq_robin, uniq_grinder, uniq_jessica

Skill      XL: |  1  2  3 |
---------------+----------+-----
Armour         | 4 |  4.5
Fighting       | 4 |  4.4
Shields        | 4 |  4.4
Maces & Flails | 3 |  3.5
Dodging        | |  0.4

Action                   |  1- 3 |  4- 6 || total
-------------------------+-------+-------++-------
Melee: Flail             |    78 |    37 ||   115
       Headbutt          |     7 |     2 ||     9
  Use: Potion            |       |     2 ||     2
Armor: Scale mail        |    42 |    19 ||    61
Dodge: Dodged            |    41 |     6 ||    47
Block: Buckler           |    15 |    10 ||    25
